 Dungeon Crawl Stone Soup version 0.24.0-41-g2ae2f7f1be (webtiles) character file.

Game seed: 13506399417419085182, levelgen mode: deterministic

158 Goreval the Shooter (level 5, -1/42 HPs)
             Began as a Centaur Arcane Marksman on Dec 14, 2019.
             Was an Initiate of Okawaru.
             Slain by Natasha (5 damage)
             ... on level 3 of the Dungeon.
             The game lasted 00:11:51 (3144 turns).

Goreval the Shooter (Centaur Arcane Marksman)       Turns: 3144, Time: 00:11:51

Health: -1/42      AC:  6    Str: 14    XL:     5   Next: 16%
Magic:  6/6        EV:  9    Int: 12    God:    Okawaru [......]
Gold:   208        SH:  0    Dex:  9    Spells: 5/6 levels left

rFire    . . .     SeeInvis .   a - +0 shortbow
rCold    + . .     Gourm    .   (shield currently unavailable)
rNeg     . . .     Faith    .   p - +2 robe {rC+}
rPois    .         Spirit   .   (no helmet)
rElec    .         Reflect  .   (no cloak)
rCorr    .         Harm     .   (no gloves)
MR       .....                  (no barding)
Stlth    +.........             (no amulet)
HPRegen  0.14/turn              (no ring)
MPRegen  0.10/turn              (no ring)

@: slowed
A: large, hooves 3, deformed body, speed 2, tough skin 3
a: Renounce Religion


You were on level 3 of the Dungeon.
You worshipped Okawaru.
Okawaru was noncommittal.
You were not hungry.

You visited 1 branch of the dungeon, and saw 3 of its levels.

You collected 208 gold pieces.

Inventory:

Hand Weapons
 a - a +0 shortbow (weapon)
Missiles
 d - 16 arrows (quivered)
Armour
 p - a +2 robe of cold resistance (worn)
 r - a +0 helmet
Jewellery
 i - an uncursed ring of magical power {unknown}
 q - an uncursed ring of flight {unknown}
Wands
 s - a wand of polymorph (10)
Scrolls
 c - 2 scrolls of enchant weapon {unknown}
 g - 3 scrolls of identify {unknown}
 h - a scroll of fear {unknown}
 k - 2 scrolls of amnesia {unknown}
 l - a scroll of remove curse {unknown}
Potions
 b - a potion of resistance {unknown}
 e - 2 potions of ambrosia {unknown}
 j - a potion of berserk rage {unknown}
 m - a potion of curing {unknown}
 n - a potion of degeneration {unknown}
Comestibles
 f - 5 rations
 o - 6 chunks of flesh


   Skills:
 + Level 2.4 Fighting
 * Level 5.3 Bows
 + Level 0.6 Armour
 - Level 1.3 Dodging
 + Level 2.1 Unarmed Combat
 - Level 1.0 Spellcasting
 - Level 2.6 Hexes


You had 5 spell levels left.
You knew the following spells:

 Your Spells              Type           Power        Failure   Level  Hunger
o - Corona                Hex            #......      10%         1    ##.....

Your spell library contained the following spells:

 Spells                   Type           Power        Failure   Level  Hunger
 Slow                     Hex            #.......     16%         2    ###....
 Inner Flame              Hex/Fire       #.......     45%         3    ####...
 Portal Projectile        Hex/Tloc       #.....       45%         3    ####...
 Cause Fear               Hex            #.........   69%         4    #####..
 Leda's Liquefaction      Hex/Erth       #.........   86%         4    #####..


Dungeon Overview and Level Annotations

Branches:
Dungeon (3/15)

Altars:
Dithmenos
Gozag
Okawaru

Annotations:
D:3 Natasha


Innate Abilities, Weirdness & Mutations

You have hooves in place of feet.
Armour fits poorly on your strangely shaped body.
You cover ground very quickly.
You have extremely tough skin. (AC +3)


Message History

You shoot an arrow. The arrow completely misses Natasha.
Natasha casts a spell at you.
You feel as though you will be slow longer.
Firing (i - inventory)
d - 19 arrows (quivered)
Aim: Natasha You shoot an arrow.
The arrow closely misses Natasha.
The arrow barely misses the shadow imp.
Natasha claws you.
* * * LOW HITPOINT WARNING * * *
Natasha claws you!
* * * LOW HITPOINT WARNING * * *
Firing (i - inventory)
d - 18 arrows (quivered)
Aim: Natasha You shoot an arrow.
The arrow hits Natasha.
Natasha claws you but does no damage. Natasha closely misses you.
Firing (i - inventory)
d - 17 arrows (quivered)
Aim: Natasha (moderately wounded)
You shoot an arrow. The arrow barely misses Natasha.
The arrow hits the shadow imp but does no damage.
Natasha claws you.
You die...

#.......§§._§§§.......#
#......##§#§#.#######.#
#......# #§§§## #.#
#......#.##.#########.##
#......#>..§......h....##
#......#####.######...5.#
#......# #.# #.'...#(#
#......# #(####.#...#.#
#......# #(5h@..#...#.(
#......############...##.#
#)...........)).# #...# ..
#.......#######.# #...#
... #######.# #.# #...#
..# #.#######.# #...#
#.#.(.....# #...#
#.#.#########...#
#.#.....gg÷g..(## ###


You could see Natasha and a shadow imp.

Vanquished Creatures
  Jessica (D:2)
  A worker ant (D:2)
  Robin (D:3)
  3 adders
  2 worms
  3 dart slugs
  An orc (D:3)
  13 goblins
  4 hobgoblins
  4 jackals
  9 kobolds
  5 bats
  4 frilled lizards
  6 rats
57 creatures vanquished.

Vanquished Creatures (others)
  4 jackals (D:2)
4 creatures vanquished.

Grand Total: 61 creatures vanquished

Notes
Turn   | Place    | Note
-------+----------+-------------------------------------------
     0 | D:1      | Goreval the Centaur Arcane Marksman began the quest for the
                  | Orb.
     0 | D:1      | Reached XP level 1. HP: 16/16 MP: 2/2
   105 | D:1      | Reached skill level 3 in Bows
   163 | D:1      | Reached XP level 2. HP: 20/23 MP: 3/3
   845 | D:1      | Reached skill level 1 in Unarmed Combat
  1359 | D:2      | Reached XP level 3. HP: 28/28 MP: 4/4
  1487 | D:2      | Reached skill level 4 in Bows
  1686 | D:2      | Found an opulent altar of Gozag.
  1874 | D:2      | Found an iron altar of Okawaru.
  1876 | D:2      | Became a worshipper of Warmaster Okawaru
  1968 | D:2      | Reached XP level 4. HP: 22/36 MP: 5/5
  2279 | D:2      | Noticed Jessica
  2283 | D:2      | Killed Jessica
  2283 | D:2      | Reached skill level 5 in Bows
  2854 | D:3      | Noticed Robin
  2889 | D:3      | Reached XP level 5. HP: 28/42 MP: 6/6
  2985 | D:3      | Killed Robin
  3062 | D:3      | Found a shadowy altar of Dithmenos.
  3102 | D:3      | Noticed Natasha
  3144 | D:3      | Slain by Natasha

Levels and vault maps discovered:
D:1:      dpeg_arrival_signposts, layout_loops_ring, roderic_roman_lattice
D:2:      layout_rooms, nicolae_gozag_cash_rules_everything_around_me,
          marbit_many_paths, lemuel_flame_loot_1, uniq_jessica
D:3:      layout_basic, serial_curves, eino_curves_03, eino_curves_02,
          grunt_dithmenos_smoke_and_mirrors, uniq_robin, uniq_sigmund,
          uniq_natasha

Skill      XL: |  1  2  3  4 |
---------------+-------------+-----
Bows           | 3 4 5 |  5.3
Unarmed Combat | 1 2 |  2.1
Fighting       | 2 |  2.4
Armour         | |  0.6
Dodging        | |  1.3
Spellcasting   | |  1.0
Hexes          | |  2.6

Action                   |  1- 3 |  4- 6 || total
-------------------------+-------+-------++-------
Melee: Unarmed           |   159 |   106 ||   265
       Kick              |    33 |    16 ||    49
       Punch             |       |     1 ||     1
 Fire: Shortbow          |    11 |    18 ||    29
  Eat: Chunk             |     2 |     4 ||     6
Armor: Robe              |    24 |    31 ||    55
       Scale mail        |    38 |     7 ||    45
       Skin              |       |     3 ||     3
Dodge: Dodged            |    61 |    50 ||   111
